 Dungeon Crawl Stone Soup version bcrawl-1.14 (webtiles) character file.

Game seed: 18366107702349668392

27 MisterOstroum the Cudgeler (level 2, -2/29 HPs)
             Began as a Troll Chaos Knight on Sept 6, 2019.
             Was a Plaything of Xom.
             Slain by a quokka (3 damage)
             ... on level 1 of the Dungeon.
             The game lasted 00:02:34 (1596 turns).

MisterOstroum the Cudgeler (Troll Chaos Knight)     Turns: 1596, Time: 00:02:34

Health: -2/29      AC:  4    Str: 19    XL:     2   Next: 93%
Magic:  1/1        EV: 10    Int:  9    God:    Xom [....*.]
Gold:   86         SH:  0    Dex:  9    Spells: 1/1 levels left

rFire    . . .     SeeInvis .   a - +0 mace (chaos)
rCold    . . .     Gourm    +   (no shield)
rNeg     . . .     Faith    .   (armour unavailable)
rPois    .         Spirit   .   (helmet restricted)
rElec    .         Reflect  .   (no cloak)
rCorr    .         Harm     .   (gloves unavailable)
MR       .....                  (boots unavailable)
Stlth    +.........             (no amulet)
HPRegen  0.09/turn              (no ring)
MPRegen  0.07/turn              (no ring)

@: flying
A: large, almost no armour, unfitting armour, claws 3, fast metabolism 3,
gourmand, AC +4
a: Renounce Religion


You were on level 1 of the Dungeon.
You worshipped Xom.
You were a beloved toy of Xom.
You were very full.

You visited 1 branch of the dungeon, and saw 2 of its levels.

You collected 86 gold pieces.

Inventory:

Hand Weapons
 a - a +0 mace of chaos (weapon)
 f - a +0 dagger of venom
 j - a cursed -1 short sword
Missiles
 h - 2 stones (quivered)
Scrolls
 b - a scroll of enchant weapon {unknown}
 d - 2 scrolls of teleportation {unknown}
 l - a scroll of identify {unknown}
 m - a scroll of magic mapping {unknown}
Potions
 g - a potion of cancellation {unknown}
 i - a potion of curing {unknown}
 k - a potion of degeneration {unknown}
Comestibles
 e - 3 rations {!d}


   Skills:
 - Level 2.4 Fighting
 - Level 3.0 Maces & Flails
 - Level 1.9 Dodging
 + Level 2.6 Unarmed Combat


You had one spell level left.
You didn't know any spells.
Your spell library was empty.

Dungeon Overview and Level Annotations

Branches:
Dungeon (2/12)

Altars:


Innate Abilities, Weirdness & Mutations

You cannot wear most types of armour.
Your thick skin is tough. (AC +4)
You are too large for most types of armour.
You have claws for hands.
Your metabolism is lightning-fast.
You like to eat raw meat.


Message History

You climb downwards.
Found a stone staircase leading down.
There is a stone staircase leading up here.
A bat comes into view.
A bat is nearby!
A bat is nearby!
A worm comes into view.
Xom's power flows through you!
The ground around you becomes liquefied!
You are now a beloved toy of Xom.
The bat hits you but does no damage. The bat barely misses you.
The bat hits you but does no damage. The bat closely misses you.
A goblin comes into view. It is wielding a +0 club.
The bat completely misses you.
The goblin shouts!
The bat hits you but does no damage. The bat closely misses you.
You hit the bat.
You kill the bat!
There is a stone staircase leading up here.
Char dumped successfully.
You don't know any spells.
Okay, then.
You are a level 2 Troll Chaos Knight.
You are 86% of the way to level 3.
Play time: 00:01:51 (1517 turns)
The ground has become liquefied beneath your feet.
Your movement is slowed on this liquid ground.
Your wading speed is very slow.
Your attack speed is below average.
You barely miss the goblin. The goblin hits you but does no damage.
Your unstable footing causes you to fumble your attack.
The ground is no longer liquid beneath you.
The goblin hits you but does no damage.
A goblin comes into view. It is wielding a +0 dagger.
The goblin shouts!
You thump the goblin! You burn the goblin.
You kill the goblin!
The worm bites you.
Things that are here:
a +0 club; a goblin corpse
There is a stone staircase leading up here.
You climb upwards.
There is a stone staircase leading down here.
You start resting.
HP restored.
You climb downwards.
The goblin hits you with a +0 dagger. The worm closely misses you.
There is a stone staircase leading up, spattered with blood here.
You sock the worm! You burn the worm.
The worm is severely wounded.
The goblin closely misses you. The goblin hits you with a +0 dagger.
The worm bites you!
You barely miss the goblin. The goblin hits you but does no damage.
A hobgoblin comes into view. It is wielding a +0 club.
The goblin hits you with a +0 dagger.
The hobgoblin shouts!
You barely miss the goblin. The goblin barely misses you.
The goblin misses you.
You barely miss the goblin. The goblin hits you but does no damage.
A kobold comes into view.
Found a stone staircase leading up.
The kobold shouts!
You hit the goblin.
The goblin evaporates and reforms as a leopard gecko!
The leopard gecko bites you.
The kobold throws a stone.
The stone hits you but does no damage.
A quokka comes into view.
A frilled lizard comes into view.
The kobold throws a stone.
The stone closely misses you.
The stone barely misses the leopard gecko.
A ball python comes into view.
The frilled lizard hisses angrily.
The ball python hisses angrily.
The kobold throws a stone.
The stone closely misses you.
The leopard gecko completely misses you. "This might be better!"
The hobgoblin seems to slow down.
The kobold closely misses you.
There is a stone staircase leading up here.
The quokka bites you.
The leopard gecko completely misses you.
The kobold barely misses you. The quokka bites you.
You climb upwards.
There is a stone staircase leading down here.
You are too injured to fight recklessly!
You closely miss the quokka. The kobold barely misses you.
The quokka bites you.
* * * LOW HITPOINT WARNING * * *
You barely miss the kobold.
The quokka bites you but does no damage.
The kobold misses you.
You hit the kobold but do no damage.
The kobold is poisoned.
The quokka bites you.
* * * LOW HITPOINT WARNING * * *
The kobold closely misses you.
The quokka bites you but does no damage.
The kobold hits you.
* * * LOW HITPOINT WARNING * * *
Okay, then.
It was a potion of flight.
You feel very buoyant.
You fly up into the air.
The quokka bites you.
You die... ### ..# #.# ### #.# #.### #.# #.#@# ..# #lKr#

..# #...# ..########
###...# ..#......#
#.....# ###
.##.####.###.#...#######
#.# ..#.#
#.##............###.#
..#.#
#....)..............#
..#.#
#...............###.#


You could see a leopard gecko, a quokka and a kobold.

Vanquished Creatures
  An ooze (D:1)
  A giant cockroach (D:1)
  4 goblins
  5 hobgoblins (D:1)
  4 kobolds (D:1)
  A bat (D:2)
  3 frilled lizards (D:1)
  2 rats (D:1)
21 creatures vanquished.

Notes
Turn   | Place    | Note
-------+----------+-------------------------------------------
     0 | D:1      | MisterOstroum the Troll Chaos Knight began the quest for
                  | the Orb.
     0 | D:1      | Reached XP level 1. HP: 22/22 MP: 0/0
   108 | D:1      | Reached skill level 1 in Unarmed Combat
   110 | D:1      | Reached XP level 2. HP: 7/29 MP: 1/1
  1233 | D:1      | XOM: harmless Tloc miscast
  1381 | D:1      | XOM: harmless Chrm miscast
  1508 | D:2      | XOM: cast spell 'Leda's Liquefaction'
  1590 | D:2      | XOM: enchant monster (good)
  1595 | D:1      | HP: 1/29 [kobold (3)]
  1596 | D:1      | Slain by a quokka

Skill      XL: |  1  2 |
---------------+-------+-----
Unarmed Combat | 1 2 |  2.6
Fighting       | |  2.4
Maces & Flails | |  3.0
Dodging        | |  1.9

Action                   || total
-------------------------++-------
Melee: Mace              ||    79
       Punch             ||     1
  Use: Potion            ||     1
  Eat: Chunk             ||    14
Armor: Skin              ||    27
Dodge: Dodged            ||    61
